 Dungeon Sprint DCSS version 0.27-a0-156-gbcd94eb011 (webtiles) character file.

Game seed: 8540421340871234133

892 mhtbhm the Martial Artist (level 8, 0/60 HPs)
             Began as an Octopode Transmuter on Jan 28, 2021.
             Was a High Priest of Sif Muna.
             Slain by an unseen horror (10 damage)
             ... in the Dungeon (Sprint VII: "The Pits").
             The game lasted 00:03:59 (1818 turns).

mhtbhm the Martial Artist (Octopode Transmuter)     Turns: 1818, Time: 00:03:59

Health: 0/60       AC:  6    Str: 11    XL:     8   Next: 6%
Magic:  18/20      EV: 12    Int: 16    God:    Sif Muna [*****.]
Gold:   0          SH:  0    Dex: 12    Spells: 8/23 levels left

rFire    x . .     SeeInvis .     - Unarmed
rCold    + + +     Faith    .   (shield currently unavailable)
rNeg     . . .     Spirit   .   (helmet currently unavailable)
rPois    +         Reflect  .   (no amulet)
rElec    .         Harm     .   (no ring)
rCorr    .         Rampage  .   (no ring)
Will     .....     NoTele   +   (no ring)
Stlth    ++++......             (no ring)
HPRegen  0.20/turn              (no ring)
MPRegen  0.17/turn              (no ring)
                                (no ring)
                                (no ring)

@: ice-form (expiring), wereblooded
A: large, almost no armour, stealthy swim, amphibious, 8 rings, (constrict 8)
a: End Transformation, Renounce Religion, Channel Magic, Forget Spell, Divine
Exegesis


You were in the Dungeon.
You worshipped Sif Muna.
Sif Muna was extremely pleased with you.
You were a creature of crystalline ice.
You visited 1 branch

Inventory:

Scrolls
 g - a scroll of blinking
 h - 3 scrolls of remove curse
 i - 5 scrolls of amnesia
 j - a scroll of summoning
Potions
 a - a potion of invisibility
 b - 7 potions of curing
 c - 4 potions of heal wounds
 d - a potion of haste
 e - 4 potions of magic
 f - 2 potions of berserk rage


   Skills:
 + Level 1.9 Fighting
 + Level 5.2 Dodging
 + Level 8.9 Stealth
 + Level 10.2 Unarmed Combat
 + Level 8.0 Spellcasting
 + Level 7.6 Transmutations
 + Level 2.4 Ice Magic


You had 8 spell levels left.
You knew the following spells:

 Your Spells              Type           Power        Failure   Level
a - Beastly Appendage     Tmut           60%          1%          1
b - Wereblood             Tmut           30%          1%          2
c - Spider Form           Tmut/Pois      9%           7%          3
d - Ice Form              Ice/Tmut       22%          14%         4
e - Blade Hands           Tmut           15%          13%         5

Your spell library contained the following spells:

 Spells                   Type           Power        Failure   Level
 Confusing Touch          Hex            6%           32%         3
 Fulminant Prism          Conj/Hex       3%           73%         4
 Summon Mana Viper        Hex/Summ       6%           97%         5
 Discord                  Hex            3%           100%        8


Dungeon Overview and Level Annotations

Branches:
Dungeon (1/1)

Altars:
Ashenzari
Cheibriados
Dithmenos
Elyvilon
Fedhas
Gozag
Hepliaklqana
Kikubaaqudgha
Makhleb
Nemelex Xobeh
Okawaru
Qazlal
Ru
Sif Muna
Trog
Uskayaw
Vehumet
Wu Jian
Xom
Yredelemnul
Zin
The Shining One
Beogh
Jiyva
Lugonu


Innate Abilities, Weirdness & Mutations

You cannot wear most types of armour.
You are very stealthy in the water. (Stealth+)
You are amphibious.
You can wear up to eight rings at the same time.
((You can use your tentacles to constrict eight enemies at once.))
((Your skin changes colour to match your surroundings (Stealth+).))
((Your rubbery body absorbs attacks. (AC +1, EV +1)))


Message History

You swing at nothing.
You swing at nothing.
You swing at nothing.
Unknown command.
You howl as the wereblood boils in your veins!
Something hits you but does no damage.
There is an open door here.
Things that are here:
a +0 dagger; a cursed +0 robe You start resting.
Something hits you but does no damage.
You start resting.
You howl as the wereblood boils in your veins!
Your transformation is almost over.
Something hits you.
* * * LOW HITPOINT WARNING * * *
You start resting.
You howl as the wereblood boils in your veins!
Something hits you!
You die...

#.#.....#[[##.......#
#.####)##'###...<...#
#.#........##.......#
#.#........##.......#
#'###########.......#
#...)...#..##########
#..###..#)######
#...)...#)#....#
##.###.##Y#....#
#.......#.'....+
#..###).#'#....#
#.......'.#....#
################


There were no monsters in sight!

Vanquished Creatures
  A spriggan (D)
  A wraith (D)
  Edmund (D)
  An ice beast (D)
  2 ogres (D)
  A centaur (D)
  A wight (D)
  2 jellies (D)
  A gnoll (D)
  An ufetubus (D)
  2 leopard geckos (D)
  An orc (D)
  A bat (D)
  2 giant cockroaches (D)
  A goblin (D)
  8 jackals (D)
  A kobold (D)
  A rat (D)
29 creatures vanquished.

Notes
Turn   | Place    | Note
-------+----------+-------------------------------------------
     0 | D        | mhtbhm the Octopode Transmuter began the quest for the Orb.
     0 | D        | Reached XP level 1. HP: 13/13 MP: 3/3
    20 | D        | Found a bloodstained altar of Trog.
    20 | D        | Found a shimmering blue altar of Sif Muna.
    20 | D        | Found a viscous altar of Jiyva.
    20 | D        | Found a hazy altar of Hepliaklqana.
    20 | D        | Found an opulent altar of Gozag.
    21 | D        | Found a glowing golden altar of the Shining One.
    21 | D        | Found a glowing silver altar of Zin.
    21 | D        | Found a basalt altar of Yredelemnul.
    21 | D        | Found a shimmering altar of Xom.
    21 | D        | Found an ornate altar of the Wu Jian Council.
    21 | D        | Found a sacrificial altar of Ru.
    21 | D        | Found a stormy altar of Qazlal.
    21 | D        | Found an iron altar of Okawaru.
    21 | D        | Found a sparkling altar of Nemelex Xobeh.
    21 | D        | Found a burning altar of Makhleb.
    21 | D        | Found a blossoming altar of Fedhas.
    21 | D        | Found a white marble altar of Elyvilon.
    21 | D        | Found a shadowy altar of Dithmenos.
    21 | D        | Found a snail-covered altar of Cheibriados.
    23 | D        | Found a radiant altar of Vehumet.
    23 | D        | Found a corrupted altar of Lugonu.
    23 | D        | Found a roughly hewn altar of Beogh.
    24 | D        | Found a hide-covered altar of Uskayaw.
    24 | D        | Found an ancient bone altar of Kikubaaqudgha.
    24 | D        | Found a broken altar of Ashenzari.
    26 | D        | Became a worshipper of Sif Muna the Loreminder
    65 | D        | Reached skill level 4 in Unarmed Combat
    65 | D        | Reached XP level 2. HP: 9/18 MP: 3/5
   252 | D        | Learned a level 2 spell: Wereblood
   256 | D        | Reached * piety under Sif Muna
   281 | D        | Noticed an ogre
   295 | D        | Reached ** piety under Sif Muna
   310 | D        | Killed an ogre
   311 | D        | Reached skill level 6 in Unarmed Combat
   311 | D        | Reached XP level 3. HP: 19/23 MP: 3/8
   311 | D        | Reached XP level 4. HP: 24/28 MP: 3/10
   312 | D        | Reached *** piety under Sif Muna
   434 | D        | Learned a level 3 spell: Spider Form
   439 | D        | Learned a level 4 spell: Ice Form
   477 | D        | Noticed an ice beast
   481 | D        | Noticed a centaur
   502 | D        | Killed an ice beast
   503 | D        | Reached skill level 5 in Stealth
   503 | D        | Reached skill level 7 in Unarmed Combat
   503 | D        | Reached skill level 5 in Spellcasting
   503 | D        | Reached skill level 5 in Transmutations
   503 | D        | Reached XP level 5. HP: 30/33 MP: 10/12
  1179 | D        | Killed a centaur
  1180 | D        | Reached skill level 8 in Unarmed Combat
  1180 | D        | Reached XP level 6. HP: 27/38 MP: 7/14
  1180 | D        | Noticed Edmund
  1183 | D        | Killed Edmund
  1184 | D        | Reached skill level 1 in Ice Magic
  1184 | D        | Reached **** piety under Sif Muna
  1195 | D        | Reached skill level 9 in Unarmed Combat
  1195 | D        | Reached XP level 7. HP: 32/43 MP: 10/17
  1414 | D        | Learned a level 5 spell: Blade Hands
  1423 | D        | Noticed a wraith
  1427 | D        | Killed a wraith
  1427 | D        | Reached ***** piety under Sif Muna
  1431 | D        | Identified Sif Muna's Incunabulum of Freezing Beguiling
                  | (Sif Muna gifted it to you in the Dungeon)
  1431 | D        | Received a gift from Sif Muna
  1785 | D        | Noticed a spriggan
  1800 | D        | Killed a spriggan
  1801 | D        | Reached skill level 5 in Dodging
  1801 | D        | Reached skill level 10 in Unarmed Combat
  1801 | D        | Reached XP level 8. HP: 33/50 MP: 15/20
  1818 | D        | Slain by an unseen horror

Illustrated notes

Levels and vault maps discovered:
D:        pitsprint [storerooms_1, entrance_room_1, metal_vault_2, armoury_2,
          mini_pit_1, grid_room_1, main_hall_1, silver_pit, the_coven_2,
          the_vestibule_1, steel_vault_2, golden_pit, hallway_of_sentries,
          crystal_vault_1, iron_vault_4, final_vault]

Skill      XL: |  1  2  3  4  5  6  7 |
---------------+----------------------+-----
Unarmed Combat | 4 6 7 8 9 10 | 10.2
Stealth        | 3 5 7 8 |  8.9
Dodging        | 3 4 5 |  5.2
Spellcasting   | 4 5 6 8 |  8.0
Transmutations | 3 5 6 7 |  7.6
Ice Magic      | 1 2 |  2.4
Fighting       | |  1.9

Action                   |  1- 3 |  4- 6 |  7- 9 || total
-------------------------+-------+-------+-------++-------
Melee: Unarmed           |    22 |    23 |    29 ||    74
       Kick              |     9 |     2 |       ||    11
       Constrict         |     8 |     1 |       ||     9
       Tentacles         |     2 |     2 |       ||     4
       Punch             |       |     1 |       ||     1
 Cast: Beastly Appendage |     5 |     1 |       ||     6
       Wereblood         |     2 |     2 |     2 ||     6
       Ice Form          |       |     1 |     2 ||     3
  Use: Potion            |     1 |     2 |     1 ||     4
 Stab: Sleeping          |     2 |     2 |     2 ||     6
       Invisible         |       |     1 |       ||     1
Armor: Skin              |     3 |     1 |     8 ||    12
Dodge: Dodged            |     7 |    10 |    15 ||    32

Table legend: (Time is in decaauts)
 A = Elapsed time spent in this place.
 B = Non-inter-level travel time spent in this place.
 C = Inter-level travel time spent in this place.
 D = Time resting spent in this place.
 E = Time spent auto-exploring this place.
 F = Levels seen in this place.
 G = Mean time per level.
                   A        B        C        D        E       F      G
               +--------+--------+--------+--------+--------+-----+--------+
         Total |   1819 |   1819 |      0 |   1491 |      0 |   1 | 1819.0 |
       Dungeon |   1819 |   1819 |      0 |   1491 |      0 |   1 | 1819.0 |
               +--------+--------+--------+--------+--------+-----+--------+

Top non-repeatable levels by time:
       D: 1819 daAuts
